[Event "*** SCC Grand Prix: Titled Tuesday Blitz"]
[Site "Chess.com"]
[Date "2020.06.23"]
[Round "4"]
[White "MartinCerveny"]
[Black "sotochess"]
[Result "1-0"]
[WhiteElo "2671"]
[BlackElo "2473"]
[TimeControl "180+1"]
[EndTime "10:39:04 PDT"]
[Termination "MartinCerveny won by resignation"]

1. d4 Nf6 2. c4 c5 3. d5 b5 4. cxb5 a6 5. f3 axb5 6. e4 Qb6 7. e5 Ng8 8. Nc3 Ba6 9. Be3 Qc7 10. f4 Qa5 11.
Kf2 b4 12. Ne4 d6 13. g4 Nd7 14. Nf3 Nh6 15. h3 f5 16. exf6 Nxf6 17. Nxf6+ gxf6 18. Bg2 Bg7 19. f5 Nf7 20. Re1 O-O 21. h4 Ne5 22.
Nxe5 fxe5 23. Be4 Bc8 24. Kg3 Qb5 25. h5 Qc4 26. Qf3 Rxa2 27. Rxa2 Qxa2 28. h6 Bh8 29. Re2 Qc4 30. Rh2 Qf1 31. Qxf1 1-0

[Event "*** SCC Grand Prix: Titled Tuesday Blitz"]
[Site "Chess.com"]
[Date "2020.06.23"]
[Round "4"]
[White "GMJustin"]
[Black "picturesquecheck"]
[Result "1-0"]
[WhiteElo "2271"]
[BlackElo "2080"]
[TimeControl "180+1"]
[EndTime "10:39:04 PDT"]
[Termination "GMJustin won by resignation"]

1. d4 Nf6 2. c4 e6 3. Nc3 d5 4.
cxd5 exd5 5. Bg5 c6 6. e3 Bf5 7. Qf3 Bg6 8. Bxf6 Qxf6 9. Qxf6 gxf6 10. Nf3 Nd7 11. Ne2 Bb4+ 12. Kd1 O-O-O 13. Nf4 Bd6 14.
Nd3 Rhe8 15. Be2 Kb8 16. b3 f5 17. h4 h5 18. g3 Nf6 19. Nfe5 Ng4 20. Bxg4 fxg4 21. Nxg6 fxg6 22. Ke2 Rf8 23. Rhc1 Rde8 24. b4 Rf3 25. Ne1 Rf7 26. Ng2 a6 27. Rab1 Ref8 28.
Nf4 Bxf4 29. gxf4 Re7 30. Kd3 Rfe8 31. Rg1 Re4 32. a3 R4e6 33. Rbe1 Kc7 34. Rg3 Kd6 35. f3 gxf3 36. Rxf3 Rf6 37. Rg3 Ree6 38. Reg1 b6 39. R1g2 c5 40. bxc5+ bxc5 41. dxc5+ Kxc5 42. Rc2+ Kd6 43. Rd2 Re4 44. Rb2 Kc5 45. Rc2+ Rc4 46.
Rb2 Ra4 47. Rc2+ Kb5 48. Rc3 Rc4 49. Rb3+ Kc5 50. Rc3 Rb6 51. Rxc4+ dxc4+ 52. Kc2 Kd5 53. Kc3 Rb3+ 54. Kc2 Rxa3 55. e4+ Kxe4 56. Rxa3 Kxf4 57. Rxa6 1-0

[Event "*** SCC Grand Prix: Titled Tuesday Blitz"]
[Site "Chess.com"]
[Date "2020.06.23"]
[Round "4"]
[White "Twitch_ElhamBlitz05"]
[Black "serhanberat_ozdemir"]
[Result "1-0"]
[WhiteElo "2772"]
[BlackElo "2536"]
[TimeControl "180+1"]
[EndTime "10:39:05 PDT"]
[Termination "Twitch_ElhamBlitz05 won on time"]

1. e4 c5 2. Nf3 e6 3. c3 Nf6 4. e5 Nd5 5. d4 cxd4 6. cxd4 d6 7. exd6 Bxd6 8. Nc3 O-O 9. Bd3 Nc6 10. O-O Nxc3 11.
bxc3 h6 12. Qe2 Qc7 13. Rb1 b6 14. Re1 Bb7 15. Qe4 f5 16. Qxe6+ Kh8 17. Bxh6 Rf6 18. Bxg7+ Qxg7 19. Qe2 Ne7 20. Ba6 Be4 21. Bd3 Bb7 22. Ba6 Bc6 23. Bb5 Rg8 24. g3 Ba8 25.
Bc4 Bd5 26. Nh4 Bxc4 27. Qxc4 f4 28. Qd3 fxg3 29. fxg3 Rh6 30. Re4 Ng6 31. Nf5 Nf4 32.
Rxf4 1-0

[Event "*** SCC Grand Prix: Titled Tuesday Blitz"]
[Site "Chess.com"]
[Date "2020.06.23"]
[Round "4"]
[White "GMTalks_Youtube"]
[Black "TheNextLevelFan"]
[Result "1-0"]
[WhiteElo "2689"]
[BlackElo "2494"]
[TimeControl "180+1"]
[EndTime "10:39:05 PDT"]
[Termination "GMTalks_Youtube won by resignation"]

1. e4 e5 2. Nf3 Nc6 3. Bc4 Bc5 4. O-O Nf6 5. d3 O-O 6. h3 d5 7. exd5 Nxd5 8. Re1 Nb6 9. Bb3 Bd6 10. Nbd2 a5 11.
a3 a4 12. Ba2 Bf5 13. Ne4 Bg6 14. Bg5 Be7 15. Bd2 Bh5 16. Ng3 Bxf3 17. Qxf3 Nd4 18.
Qd1 Bd6 19. c3 Nc6 20. Qg4 Kh8 21. Rad1 Ne7 22. Qf3 f5 23. Qxb7 f4 24. Ne4 f3 25.
g3 Rb8 26. Qa6 Ng6 27. d4 exd4 28. cxd4 h6 29. Qd3 Ne7 30. Bb1 Nf5 31. Bc3 Nd5 32. Nd2 Qg5 33. Nxf3 Qh5 34. Kg2 Nxc3 35. bxc3 Rb2 36.
Re2 Rxe2 37. Qxe2 Nh4+ 38. gxh4 1-0

[Event "*** SCC Grand Prix: Titled Tuesday Blitz"]
[Site "Chess.com"]
[Date "2020.06.23"]
[Round "4"]
[White "vova-79"]
[Black "Firegrizzly"]
[Result "0-1"]
[WhiteElo "2432"]
[BlackElo "2580"]
[TimeControl "180+1"]
[EndTime "10:39:05 PDT"]
[Termination "Firegrizzly won by resignation"]

1. d4 g6 2. Bf4 Bg7 3. e3 c5 4.
c3 Qb6 5. Qb3 Nf6 6. Nd2 Nc6 7.
Ngf3 O-O 8. h3 d6 9. Be2 Be6 10. Qxb6 axb6 11. a3 Na5 12. O-O Rfc8 13. Rfe1 Nb3 14. Nxb3 Bxb3 15. Nd2 Ba4 16. Nc4 Nd7 17. Bg4 f5 18. Bf3 Bc6 19. Nd2 Bxf3 20. Nxf3 b5 21.
dxc5 Nxc5 22. Rad1 Na4 23. Rd2 Nxc3 24. bxc3 Bxc3 25.
Rb1 Bxd2 26. Nxd2 Rxa3 27. Rxb5 Rc1+ 28. Kh2 Rc2 29. e4 e5 30. Bh6 f4 31. Nf3 Ra7 32.
Kg1 Rc1+ 33. Kh2 Raa1 34. g3 Rc2 35. Kg2 Raa2 36. gxf4 Rxf2+ 37. Kg3 exf4+ 38. Kg4 Ra3 39. Ng5 Rg2+ 40. Kh4 f3 41. Rxb7 Rxg5 42. Kxg5 f2 43. Rg7+ Kf8 44. Rf7+ Kxf7 0-1

[Event "*** SCC Grand Prix: Titled Tuesday Blitz"]
[Site "Chess.com"]
[Date "2020.06.23"]
[Round "4"]
[White "Willychess95"]
[Black "SergeyKarjakin"]
[Result "0-1"]
[WhiteElo "2560"]
[BlackElo "2946"]
[TimeControl "180+1"]
[EndTime "10:39:06 PDT"]
[Termination "SergeyKarjakin won on time"]

1. e4 c5 2. Nf3 d6 3. d4 cxd4 4. Nxd4 Nf6 5. Nc3 a6 6. Bg5 e6 7. f4 Qc7 8. Qf3 b5 9. O-O-O Bb7 10. f5 e5 11. Bxf6 gxf6 12. Nde2 Nd7 13. Nd5 Bxd5 14.
Rxd5 Rc8 15. Qc3 Qb7 16. Qf3 h5 17. Rd1 b4 18. Kb1 a5 19. Ng3 h4 20. Nh5 a4 21. g4 hxg3 22. hxg3 Rg8 23. Qd3 Qc6 24. Rh2 a3 25. Qb5 Ke7 26. Qxc6 Rxc6 27. Bb5 Rc7 28. Rhd2 Nc5 29. Rxd6 Bg7 30. R6d5 Rb8 31. Bd3 Bh6 32. b3 Be3 33. g4 Rg8 34. Bb5 Bd4 0-1

[Event "*** SCC Grand Prix: Titled Tuesday Blitz"]
[Site "Chess.com"]
[Date "2020.06.23"]
[Round "4"]
[White "ExtremeLearner"]
[Black "renehp"]
[Result "0-1"]
[WhiteElo "2185"]
[BlackElo "2403"]
[TimeControl "180+1"]
[EndTime "10:39:06 PDT"]
[Termination "renehp won by checkmate"]

1. d4 d5 2. Bf4 Nf6 3. e3 c5 4. c3 Nc6 5. Nd2 e6 6. Ngf3 Bd6 7. Bg3 Qc7 8. dxc5 Bxg3 9. hxg3 a5 10. Bb5 O-O 11. a4 e5 12. Qc2 e4 13. Nd4 Ne5 14.
b4 Bd7 15. Be2 h6 16. O-O Neg4 17. N2b3 Qe5 18. Bxg4 Nxg4 19. Rfe1 Qh5 20. Kf1 axb4 21. cxb4 Bxa4 22. Ke2 Ne5+ 23. Kd2 Bxb3 24. Qxb3 Nc4+ 25.
Kc3 Qh2 26. Rxa8 Rxa8 27. Qc2 Ra3+ 28. Nb3 Qh5 29. Qd1 Qf5 30. Re2 Qd7 31. Qd4 Qa4 32. Qxd5 Qxb3+ 33. Kd4 Qd3# 0-1

[Event "*** SCC Grand Prix: Titled Tuesday Blitz"]
[Site "Chess.com"]
[Date "2020.06.23"]
[Round "4"]
[White "fischercapa"]
[Black "monalize"]
[Result "0-1"]
[WhiteElo "2428"]
[BlackElo "2268"]
[TimeControl "180+1"]
[EndTime "10:39:07 PDT"]
[Termination "monalize won by resignation"]

1. e4 c5 2. Nf3 d6 3. d4 cxd4 4. Nxd4 Nf6 5. Nc3 a6 6. Bc4 b5 7. Bb3 Bb7 8. Qe2 Nbd7 9. Bg5 Rc8 10. Nd5 e6 11. Nxf6+ Nxf6 12. O-O-O h6 13. Bh4 Be7 14.
e5 Nd5 15. Bxe7 Qxe7 16. exd6 Qxd6 17. Kb1 O-O 18. Rhe1 Rfe8 19. g3 Qc5 20. f4 Nb6 21. Nf3 Nc4 22. Bxc4 Qxc4 23. Qxc4 Rxc4 24. Ne5 Rc7 25. Rd6 Rec8 26. c3 Kf8 27. a3 Ke7 28. Rd4 Rd8 29. Rxd8 Kxd8 30. Kc2 Ke7 31. b3 Bd5 32.
Kb2 f6 33. Nd3 a5 34. f5 e5 35. Nf4 Bf7 36. g4 Rd7 37. Kc2 Rd6 38. Ng2 a4 39. bxa4 bxa4 40. Ne3 Rb6 41. c4 Rb3 42. Nd5+ Bxd5 43.
cxd5 Rxa3 44. Rb1 Rb3 45. Ra1 Rb4 46. Kc3 Rxg4 47. Rd1 Kd6 48. Ra1 Kxd5 49. Rxa4 Rxa4 0-1

[Event "*** SCC Grand Prix: Titled Tuesday Blitz"]
[Site "Chess.com"]
[Date "2020.06.23"]
[Round "4"]
[White "Pavel_Mir"]
[Black "RitvarsReimanis"]
[Result "0-1"]
[WhiteElo "2342"]
[BlackElo "2547"]
[TimeControl "180+1"]
[EndTime "10:39:09 PDT"]
[Termination "RitvarsReimanis won on time"]

1. e4 c5 2. Nf3 Nc6 3. Nc3 Nf6 4. Bb5 Qc7 5. O-O Nd4 6. a4 a6 7. Bc4 e6 8. d3 d6 9. Be3 Nc6 10. d4 cxd4 11. Nxd4 Be7 12. Nxc6 bxc6 13. a5 c5 14. Na4 Bb7 15. Nb6 Rb8 16. f3 Nd7 17. Nxd7 Qxd7 18. Qe2 Qc6 19. Bb3 O-O 20. Ba4 Qc7 21. Qe1 Bf6 22. c3 Qxa5 23. b4 cxb4 24. cxb4 Qh5 25.
Rd1 d5 26. Bf4 Rbc8 27. e5 Be7 28. Kh1 Rc4 29. Bg3 Bxb4 30. Qe2 a5 31. Bb5 Rc7 32. Ba6 Bxa6 33. Qxa6 h6 34. Rc1 Rxc1 35. Rxc1 Qg5 36.
Rc7 Qf5 0-1

[Event "*** SCC Grand Prix: Titled Tuesday Blitz"]
[Site "Chess.com"]
[Date "2020.06.23"]
[Round "4"]
[White "Shuvalov"]
[Black "PavelChernomordik"]
[Result "1/2-1/2"]
[WhiteElo "2448"]
[BlackElo "2303"]
[TimeControl "180+1"]
[EndTime "10:39:10 PDT"]
[Termination "Game drawn by repetition"]

1. Nf3 g6 2. c4 Bg7 3. d4 d6 4.
Nc3 Nc6 5. h3 e5 6. d5 Nce7 7.
e4 h6 8. g4 f5 9. gxf5 gxf5 10.
Nh4 Nf6 11. exf5 Nxf5 12. Nxf5 Bxf5 13. Rg1 Qe7 14. Be3 a6 15. Qb3 b6 16. O-O-O h5 17.
Bd3 Bxh3 18. Bg6+ Kd8 19. Ne4 Nxe4 20. Bxe4 Kc8 21. Bxb6 cxb6 22. Qxh3+ Kb7 23. Rg6 Rac8 24. Qb3 Rhf8 25. f3 h4 26. Rh1 Bf6 27. Kd1 Rg8 28. Rg4 Rxg4 29. fxg4 Bg5 30. Bf5 Rc5 31. Qc2 b5 32. b3 Qc7 33. Bd3 e4 34. Be2 Qe7 35. b4 Rc7 36. c5 Qe5 37. c6+ Kb6 38. Ke1 Qg3+ 39. Kd1 Qe3 40. Rf1 h3 41. a4 bxa4 42. Ke1 Qg3+ 43. Kd1 Qe3 44. Ke1 Qg3+ 45. Kd1 Qe3 1/2-1/2

[Event "*** SCC Grand Prix: Titled Tuesday Blitz"]
[Site "Chess.com"]
[Date "2020.06.23"]
[Round "4"]
[White "Grandelicious"]
[Black "JoachimMouhamad"]
[Result "1-0"]
[WhiteElo "2786"]
[BlackElo "2459"]
[TimeControl "180+1"]
[EndTime "10:39:11 PDT"]
[Termination "Grandelicious won on time"]

1. e4 e5 2. Nf3 Nc6 3. Bc4 Nf6 4. d3 Be7 5. O-O O-O 6. a4 d6 7. Re1 Na5 8. Ba2 c5 9. c3 Nc6 10. Na3 h6 11. Bd2 a6 12. h3 Rb8 13. Nc2 Be6 14.
Bxe6 fxe6 15. b4 cxb4 16. cxb4 b5 17. axb5 axb5 18. Ne3 Nd4 19. Nxd4 exd4 20. Ng4 Kh7 21. e5 Nxg4 22. Qxg4 Rf5 23. exd6 Qxd6 24. Re2 Rbf8 25.
Rae1 e5 26. f4 h5 27. Qf3 Bh4 28. g3 Qg6 29. Kh2 Bf6 30. g4 hxg4 31. hxg4 Rh8 32. Rg2 Rxf4 33. Bxf4 exf4 34. Qe4 Kg8+ 35. Kg1 Qxe4 36.
Rxe4 Rh3 37. g5 Bxg5 38. Rxg5 Rxd3 39. Rxb5 Rd2 40. Rd5 d3 41. Red4 Rb2 42. Rxd3 Rxb4 43. Kf2 1-0

[Event "*** SCC Grand Prix: Titled Tuesday Blitz"]
[Site "Chess.com"]
[Date "2020.06.23"]
[Round "4"]
[White "sergeikim"]
[Black "smshk35"]
[Result "1-0"]
[WhiteElo "2525"]
[BlackElo "2354"]
[TimeControl "180+1"]
[EndTime "10:39:11 PDT"]
[Termination "sergeikim won by resignation"]

1. d4 Nf6 2. c4 e6 3. Nc3 Bb4 4. Qc2 d5 5. a3 Bxc3+ 6. Qxc3 O-O 7. Nf3 b6 8. g3 Bb7 9. Bg2 dxc4 10. Qxc4 Nbd7 11. b4 Bd5 12. Qc2 a5 13. Bd2 axb4 14. Bxb4 c5 15. dxc5 bxc5 16. Bc3 Ne4 17. O-O Nxc3 18.
Qxc3 Qa5 19. Qe3 Rfb8 20. Nd2 Rb2 21. Rfd1 Rab8 22. Bf3 Nf6 23. Qf4 Qc3 24. Nf1 Bxf3 25. exf3 Nd5 26. Qg4 Re2 27. Rdc1 Qb2 28. Qc4 Rxf2 29.
Rab1 Rxf1+ 30. Rxf1 Qxb1 31. Rxb1 Rxb1+ 32. Kf2 Rb2+ 33. Ke1 Ne3 34. Qxc5 Ng2+ 35. Kd1 1-0

[Event "*** SCC Grand Prix: Titled Tuesday Blitz"]
[Site "Chess.com"]
[Date "2020.06.23"]
[Round "4"]
[White "esrosenberg"]
[Black "Iball95"]
[Result "1-0"]
[WhiteElo "2154"]
[BlackElo "2555"]
[TimeControl "180+1"]
[EndTime "10:39:12 PDT"]
[Termination "esrosenberg won by checkmate"]

1. Nf3 g6 2. d4 Bg7 3. c4 Nf6 4. Nc3 O-O 5. e4 d6 6. h3 c5 7.
d5 b5 8. cxb5 a6 9. a4 axb5 10.
Bxb5 Ba6 11. Qe2 Bxb5 12. Nxb5 Nbd7 13. O-O Qb6 14. Ra3 Rfb8 15. Rd1 Ne8 16. Qc4 Nc7 17. Nxc7 Qxc7 18. b3 Rb4 19. Qe2 c4 20. bxc4 Raxa4 21. Rxa4 Rxa4 22. c5 Nxc5 23. e5 dxe5 24. Qb5 Ra1 25. Qe8+ Bf8 26. Ng5 e6 27. dxe6 f6 28. Rd7 Rxc1+ 29. Kh2 Nxd7 30. Qf7+ Kh8 31.
Qxh7# 1-0

[Event "*** SCC Grand Prix: Titled Tuesday Blitz"]
[Site "Chess.com"]
[Date "2020.06.23"]
[Round "4"]
[White "abykhovsky"]
[Black "WelshTiger"]
[Result "1/2-1/2"]
[WhiteElo "2696"]
[BlackElo "2369"]
[TimeControl "180+1"]
[EndTime "10:39:15 PDT"]
[Termination "Game drawn by repetition"]

1. Nf3 c5 2. g3 g6 3. Bg2 Bg7 4. O-O Nc6 5. c4 e5 6. Nc3 d6 7. Ne1 Nge7 8. d3 a6 9. Nc2 Rb8 10. a3 b5 11. cxb5 axb5 12. b4 O-O 13. Bb2 cxb4 14. Nxb4 Nxb4 15. axb4 d5 16. Ra5 Qd7 17. Qb3 Nc6 18. Nxd5 Nxa5 19. bxa5 Bb7 20. e4 Bxd5 21.
exd5 b4 22. Ra1 Qd6 23. a6 Ra8 24. Qa4 Rfc8 25. Bc1 Rxa6 26. Qxa6 Rxc1+ 27. Bf1 Qxa6 28. Rxa6 Bf8 29. d6 Rc8 30. Bg2 Rd8 31. Bd5 Bxd6 32. Ra7 Rf8 33. Kg2 Kg7 34. Rb7 Kf6 35. h4 h5 36. Kf3 Be7 37. Rb6+ Kg7 38. Rb7 Kf6 39.
Rb6+ Kg7 40. Rb7 Kf6 1/2-1/2

[Event "*** SCC Grand Prix: Titled Tuesday Blitz"]
[Site "Chess.com"]
[Date "2020.06.23"]
[Round "4"]
[White "PavelShkapenko"]
[Black "dopolian"]
[Result "1-0"]
[WhiteElo "2653"]
[BlackElo "2355"]
[TimeControl "180+1"]
[EndTime "10:39:16 PDT"]
[Termination "PavelShkapenko won by resignation"]

1. e4 e5 2. Nf3 Nc6 3. Bc4 Bc5 4. c3 Nf6 5. d4 exd4 6. cxd4 Bb4+ 7. Bd2 Bxd2+ 8.
Nbxd2 d5 9. exd5 Nxd5 10. O-O O-O 11. Rc1 Bg4 12. h3 Bh5 13. Re1 Nb6 14. Ba6 Nxd4 15. Bxb7 Rb8 16. Rc5 Bg6 17. Be4 Nxf3+ 18. Bxf3 Qd4 19.
Qc1 Rbd8 20. Nb3 Qa4 21. Ra5 Qb4 22. Rxa7 c5 23. Qc3 Qxc3 24. bxc3 Rd3 25. Rc1 c4 26.
Nc5 Rd2 27. a4 Ra2 28. a5 Na4 29. Nxa4 Rxa4 30. a6 Rb8 31. Rb7 Ra8 32. Rb4 R8xa6 1-0

[Event "*** SCC Grand Prix: Titled Tuesday Blitz"]
[Site "Chess.com"]
[Date "2020.06.23"]
[Round "4"]
[White "Playgood28"]
[Black "Azoulas1"]
[Result "1-0"]
[WhiteElo "2267"]
[BlackElo "2023"]
[TimeControl "180+1"]
[EndTime "10:39:16 PDT"]
[Termination "Playgood28 won by checkmate"]

1. d4 Nf6 2. c4 e6 3. Nc3 Bb4 4. Qc2 b6 5. a3 Bxc3+ 6. Qxc3 Bb7 7.
e3 c5 8. Nf3 d6 9. Be2 Nbd7 10. b4 O-O 11. Bb2 Ne4 12. Qc2 Qe7 13. O-O Rac8 14. dxc5 dxc5 15. b5 Ndf6 16. Ne5 Rfd8 17. Rfd1 Ba8 18. f3 Nd6 19. Qc3 Nf5 20.
a4 h5 21. a5 h4 22. axb6 axb6 23. Ng4 Nh5 24. Kf2 Qg5 25. Rxd8+ Rxd8 26. Rd1 Rxd1 27.
Bxd1 f6 28. Qd2 Kh7 29. Bc2 Bb7 30. Qd7 Ba8 31. Qxe6 g6 32. Bxf6 Nxe3 33. Bxg5 Nxc2 34. Qe7+ Kh8 35. Bf6+ Kg8 36. Nh6# 1-0

[Event "*** SCC Grand Prix: Titled Tuesday Blitz"]
[Site "Chess.com"]
[Date "2020.06.23"]
[Round "4"]
[White "Andreikka"]
[Black "VMikhalevski"]
[Result "0-1"]
[WhiteElo "2934"]
[BlackElo "2793"]
[TimeControl "180+1"]
[EndTime "10:39:17 PDT"]
[Termination "VMikhalevski won on time"]

1. c4 Nf6 2. Nc3 d5 3. cxd5 Nxd5 4. Nf3 g6 5. e4 Nxc3 6. dxc3 Qxd1+ 7. Kxd1 f6 8. h4 h5 9. Kc2 e5 10. Nd2 Bc5 11.
f3 a5 12. a4 Nd7 13. Nc4 b6 14. Bd3 Ke7 15. Ne3 c6 16. Bd2 Nf8 17. Nc4 Ne6 18.
g3 Rd8 19. f4 Ba6 20. b3 Bd6 21. Rhf1 exf4 22. gxf4 Nc5 23. e5 Bc7 24. Bxg6 Nxb3 25.
Kxb3 Bxc4+ 26. Kxc4 Rxd2 27. Rae1 Rh2 28. exf6+ Kxf6 29. f5 Rxh4+ 30. Kb3 Be5 31. Re3 Rd8 32. Rfe1 Rd5 33.
Be8 Rc5 34. Bd7 Rhc4 35. Rc1 h4 36. Be6 Rg4 37. Rd1 Rg3 38. Rxg3 hxg3 39. Rd7 g2 40.
Rd1 Bh2 41. Rd7 g1=Q 42. Rf7+ Ke5 0-1

[Event "*** SCC Grand Prix: Titled Tuesday Blitz"]
[Site "Chess.com"]
[Date "2020.06.23"]
[Round "4"]
[White "Elegance_Riks"]
[Black "51616516516"]
[Result "1/2-1/2"]
[WhiteElo "2596"]
[BlackElo "2338"]
[TimeControl "180+1"]
[EndTime "10:39:17 PDT"]
[Termination "Game drawn by repetition"]

1. e4 c5 2. Nf3 e6 3. g3 Nc6 4. Bg2 Nf6 5. Nc3 d5 6. exd5 exd5 7. d4 Be7 8. O-O O-O 9. h3 h6 10. Be3 Ne4 11. dxc5 Nxc3 12. bxc3 Be6 13. Nd4 Qa5 14. Nxe6 fxe6 15. c4 d4 16. Bxc6 dxe3 17. Bxb7 exf2+ 18. Kg2 Rab8 19. Be4 Qxc5 20. Qg4 Rf6 21. Rad1 Rd8 22. Rd3 a5 23. a4 Kh8 24. Rxd8+ Bxd8 25. Bd3 Qc6+ 26.
Qe4 Qxe4+ 27. Bxe4 Bb6 28. Bd3 e5 29. h4 Kg8 30.
Rb1 Kf8 31. Be4 f1=Q+ 32. Rxf1 Rxf1 33. Kxf1 Ke7 34. Ke2 Kd6 35. Kd3 Bf2 36. h5 Bxg3 37. Bg6 Kc5 38. Be8 Bf4 39. Bb5 Bg5 40. Ke4 Bf6 41. Kf5 Kb4 42. Ke4 Kc5 43. c3 Kd6 44. Be8 Kc5 45. Bf7 Kd6 46. Kf5 Kc5 47. Bd5 Kd6 48. Kg6 Kc5 49. Kf5 Kd6 50. Bf3 Kc5 51. Be2 Kd6 52. Bd3 Kc5 53. Bf1 Kd6 54.
Bg2 Kc5 55. Bd5 1/2-1/2

[Event "*** SCC Grand Prix: Titled Tuesday Blitz"]
[Site "Chess.com"]
[Date "2020.06.23"]
[Round "4"]
[White "THE_PLAYER6"]
[Black "chessmaugli"]
[Result "1-0"]
[WhiteElo "2469"]
[BlackElo "2314"]
[TimeControl "180+1"]
[EndTime "10:39:17 PDT"]
[Termination "THE_PLAYER6 won by resignation"]

1. d4 Nf6 2. c4 e6 3. Nc3 Bb4 4. g3 c5 5. Nf3 b6 6. Bg2 Bb7 7. O-O cxd4 8. Nxd4 Bxg2 9. Kxg2 Be7 10. Ndb5 O-O 11.
Bf4 Nc6 12. Bd6 Ne8 13. Bxe7 Qxe7 14. Qd2 a6 15. Nd4 Rc8 16. Rfd1 Ne5 17. b3 d6 18. Nf3 Qb7 19. Qe3 b5 20. cxb5 axb5 21. Rac1 b4 22. Ne4 Nxf3 23. Qxf3 d5 24. Nc5 Qb5 25. Nd3 Nf6 26.
Rxc8 Rxc8 27. Rc1 Rxc1 28. Nxc1 Ne4 29. Nd3 g6 30. Qf4 Qb7 31. f3 Nc3 32. Qxb4 Qxb4 33.
Nxb4 Nxe2 34. Nc6 Nc1 35. a4 Nxb3 36. a5 Nc5 37. Nb8 Kf8 38. a6 Nd7 39. Nxd7+ 1-0

[Event "*** SCC Grand Prix: Titled Tuesday Blitz"]
[Site "Chess.com"]
[Date "2020.06.23"]
[Round "4"]
[White "OnePeculiarConundrum"]
[Black "vanyakuba"]
[Result "1-0"]
[WhiteElo "2294"]
[BlackElo "2433"]
[TimeControl "180+1"]
[EndTime "10:39:17 PDT"]
[Termination "OnePeculiarConundrum won by resignation"]

1. e4 d5 2. exd5 Qxd5 3. Nf3 Nf6 4. d4 Bg4 5. Be2 e6 6. c4 Qf5 7. O-O Nc6 8. h3 h5 9. Be3 O-O-O 10. Nbd2 Nb4 11. Nh4 Bxe2 12. Qxe2 Qd3 13. Qxd3 Nxd3 14.
b3 Be7 15. Nhf3 Nd7 16. a3 e5 17. dxe5 N3xe5 18. Rfd1 Nxf3+ 19. Nxf3 Bf6 20. Rab1 Ne5 21. Nxe5 Bxe5 22. Kf1 a6 23. Ke2 f5 24. Kf3 g6 25. Bg5 Rde8 26. Rd5 c6 27. Rd3 Bc7 28. Rbd1 Rh7 29. a4 Rf7 30. g3 Rh7 31. Kg2 Rf7 32. Kf3 Rh7 33. R3d2 Rf7 34. Bf4 Rfe7 35. Bxc7 Kxc7 36.
Kf4 Rg8 37. Kg5 Rgg7 38. Rd6 Re2 39. R1d2 Rxd2 40. Rxd2 c5 41. Rd5 b6 42. Re5 Kd6 43.
Re8 b5 44. cxb5 axb5 45. axb5 Rb7 46. Kxg6 Rxb5 47. Re3 f4 48. gxf4 Rb4 49. f5 Rf4 50. f6 Rxf2 51. f7 Rg2+ 52. Kh7 Rf2 53. Kg8 Rg2+ 54.
Kf8 Rf2 55. Ke8 1-0

[Event "*** SCC Grand Prix: Titled Tuesday Blitz"]
[Site "Chess.com"]
[Date "2020.06.23"]
[Round "4"]
[White "ZEN-22"]
[Black "czasnaszachy"]
[Result "1-0"]
[WhiteElo "2443"]
[BlackElo "2250"]
[TimeControl "180+1"]
[EndTime "10:39:19 PDT"]
[Termination "ZEN-22 won by resignation"]

1. b3 d5 2. Bb2 Nf6 3. g3 g6 4. Bg2 Bg7 5. Nf3 O-O 6. O-O c5 7.
d3 Nc6 8. e3 Re8 9. c4 d4 10.
exd4 cxd4 11. h3 e5 12. Re1 Bf5 13. Nh4 Qd7 14. Nxf5 gxf5 15. Nd2 Rad8 16. a3 Re7 17. b4 a6 18. Nb3 e4 19. Nc5 Qc7 20. dxe4 fxe4 21. Nxe4 Nxe4 22. Rxe4 Rxe4 23. Bxe4 Ne5 24. Bd5 Nxc4 25. Bxc4 Qxc4 26. Rc1 Qe6 27. Kg2 Qe4+ 28. Qf3 Qe7 29. Rc4 b5 30. Rc5 h6 31. Rd5 d3 32.
Bxg7 Kxg7 33. Qg4+ Kh7 34. Rxd3 Qb7+ 35. Rf3 Rd6 36.
Qf5+ Rg6 37. Qxf7+ Qxf7 38. Rxf7+ Kg8 39. Ra7 Rc6 40.
g4 Kf8 41. f3 Rd6 42. Kg3 Rc6 43. h4 Rd6 44. g5 hxg5 45. hxg5 Rg6 46. Kg4 Rc6 47.
f4 1-0

[Event "*** SCC Grand Prix: Titled Tuesday Blitz"]
[Site "Chess.com"]
[Date "2020.06.23"]
[Round "4"]
[White "ChessArchitect64"]
[Black "Batsai"]
[Result "0-1"]
[WhiteElo "1893"]
[BlackElo "2369"]
[TimeControl "180+1"]
[EndTime "10:39:20 PDT"]
[Termination "Batsai won by checkmate"]

1. d4 d5 2. c4 e6 3. Nc3 Nf6 4. Nf3 Be7 5. Bg5 h6 6. Bh4 Nbd7 7. e3 O-O 8. Rc1 b6 9. Bd3 Bb7 10. O-O c5 11. cxd5 Nxd5 12. Bxe7 Nxe7 13. Bb5 cxd4 14. Nxd4 a6 15. Be2 Ne5 16. f4 N5g6 17. Bf3 Qd7 18. Qb3 Bxf3 19. Nxf3 b5 20. Rfd1 Qb7 21.
Na4 Rfd8 22. Nc5 Qb6 23. Nd7 Qa7 24. Nc5 Rxd1+ 25. Rxd1 Qxc5 26. Kh1 Nf5 27. e4 Ne3 28. Re1 Nc4 29. Qc3 Nxf4 30. b3 Qf2 31. Rg1 Ne3 32. Qc6 Rf8 33. Ne1 Ne2 34. e5 Qxg1# 0-1

[Event "*** SCC Grand Prix: Titled Tuesday Blitz"]
[Site "Chess.com"]
[Date "2020.06.23"]
[Round "4"]
[White "GMMatamoros"]
[Black "rpragchess"]
[Result "0-1"]
[WhiteElo "2544"]
[BlackElo "2792"]
[TimeControl "180+1"]
[EndTime "10:39:21 PDT"]
[Termination "rpragchess won by resignation"]

1. c4 b6 2. Nf3 Bb7 3. g3 c5 4.
Bg2 g6 5. O-O Bg7 6. Nc3 Nf6 7. d4 cxd4 8. Qxd4 d6 9. Rd1 Nbd7 10.
Be3 O-O 11. Qh4 Rc8 12. Rac1 a6 13. b3 Rc7 14. Bh3 Qa8 15. Bxd7 Bxf3 16. exf3 Rxd7 17. f4 b5 18. c5 Qf3 19. cxd6 Rxd6 20. Rxd6 exd6 21.
Qh3 b4 22. Na4 Qe2 23. Qf1 Qxa2 24. Qd3 Re8 25. h3 Ne4 26. Nb6 Qb2 27. Nc4 Qf6 28. Rd1 Qe6 29. Bd4 Bxd4 30. Qxd4 Nc3 31. Rd2 Ne2+ 32.
Rxe2 Qxe2 33. Nxd6 Rd8 34. Qd5 Qe6 0-1

[Event "*** SCC Grand Prix: Titled Tuesday Blitz"]
[Site "Chess.com"]
[Date "2020.06.23"]
[Round "4"]
[White "PattyCastillo"]
[Black "EnergeticHay"]
[Result "0-1"]
[WhiteElo "1909"]
[BlackElo "2204"]
[TimeControl "180+1"]
[EndTime "10:39:22 PDT"]
[Termination "EnergeticHay won by resignation"]

1. d4 Nf6 2. Nf3 g6 3. Nc3 d5 4. Bf4 Bg7 5. e3 O-O 6. Be2 Nh5 7. Bg5 h6 8. Bh4 g5 9. Nxg5 hxg5 10. Bxh5 gxh4 11. Qf3 e6 12. O-O-O Qf6 13. Qe2 c5 14. g3 h3 15. g4 cxd4 16. exd4 Nc6 17. g5 Qf4+ 18. Kb1 Nxd4 19. Qd3 Qxg5 20. Be2 Nxe2 21. Nxe2 Qf5 22. Qg3 Qe5 23. Rhg1 Qxg3 24. Rxg3 f5 25. Rdg1 Rf7 26. Rxh3 Bd7 27. Rhg3 Kf8 28. Nf4 Rc8 29. Nh5 Be5 30. Rg8+ Ke7 31. Rxc8 Bxc8 32. c3 Rh7 33. Ng3 Rxh2 34. Re1 Bxg3 35. fxg3 Rg2 36. Re3 Bd7 37. Kc1 Be8 38. a4 Bxa4 0-1

[Event "*** SCC Grand Prix: Titled Tuesday Blitz"]
[Site "Chess.com"]
[Date "2020.06.23"]
[Round "4"]
[White "ErikRonka"]
[Black "Harry_Rakkel"]
[Result "0-1"]
[WhiteElo "2396"]
[BlackElo "2569"]
[TimeControl "180+1"]
[EndTime "10:39:23 PDT"]
[Termination "Harry_Rakkel won on time"]

1. e4 c5 2. Nf3 e6 3. d4 cxd4 4. Nxd4 Nc6 5. Nc3 Qc7 6. Qd3 Nf6 7. Ndb5 Qb8 8. Qg3 d6 9. Be3 a6 10. Nd4 Bd7 11. Bd3 b5 12. O-O h5 13. f3 h4 14. Qf2 h3 15. g3 Ne5 16. Nb3 Be7 17. a4 b4 18. Ne2 d5 19. Bc5 dxe4 20. Bxe4 Nxe4 21. fxe4 Bxc5 22. Nxc5 Qa7 23. c3 bxc3 24.
Nxc3 Bc6 25. b4 O-O 26. Qd4 Ng4 27. Rfd1 Rad8 28. Qxd8 Rxd8 29. Rxd8+ Kh7 30. Rad1 a5 31. Nb5 Bxb5 32. axb5 axb4 33. Rc8 Qa2 0-1